 Dungeon Crawl Stone Soup version 0.31-a0-455-g1a7b003ef0 (webtiles) character file.

Game seed: 10309155405647828592

16 kae the Changeling (level 2, -6/25 HPs)
             Began as a Naga Shapeshifter on Aug 3, 2023.
             Killed by nerve-wracking pain
             ... invoked by Jessica
              (14 damage)
             ... on level 2 of the Dungeon.
             The game lasted 00:00:35 (680 turns).

kae the Changeling (Naga Shapeshifter)               Turns: 680, Time: 00:00:35

Health: -6/25      AC:  1    Str: 17    XL:     2   Next: 58%
Magic:  2/2        EV: 10    Int:  8    God:
Gold:   21         SH:  0    Dex: 11    Spells: 1/1 levels left

rFire   . .          .
                       - Unarmed
rCold   . . .        (no shield)
rNeg    . . .        a - +0 animal skin
rPois   +            (helmet currently unavailable)
rElec   .            (cloak currently unavailable)
rCorr   .            (gloves currently unavailable)
SInv    +            (no barding)
Will    .....        (no amulet)
Stlth   +            (no ring)
HPRegen 0.24/turn    (no ring)
MPRegen 0.08/turn

%: no passive effects
@: short of breath, beast-form, very slow
A: beast (slay +2), AC +0, large, see invisible, deformed body, poison
resistance, slowness 2, spit poison 1, naga tail 1
a: Spit Poison, Begin Untransformation


You were on level 2 of the Dungeon.
You were a hulking beast.
You visited 1 branch of the dungeon, and saw 2 of its levels.

You collected 21 gold pieces.


Innate Abilities, Weirdness & Mutations

You are a hulking beast.
Your limbs bulge with bestial killing power. (Slay +2)
Your serpentine skin is tough. (AC +0)
You have supernaturally acute eyesight. (SInv)
Armour fits poorly on your strangely shaped body.
Your system is resistant to poisons. (rPois)
You cover ground very slowly.
You can spit poison.
You have a snake-like lower body.


   Skills:
 + Level 1.2 Fighting
 * Level 1.9 Dodging
 + Level 3.1 Unarmed Combat
 * Level 3.2 Shapeshifting


You had one spell level left.
You didn't know any spells.
Your spell library was empty.

Inventory:

Missiles
 d - 22 stones
Armour
 a - a +0 animal skin (worn)
Jewellery
 f - an amulet of reflection
   (You found it on level 1 of the Dungeon)
Talismans
 c - a beast talisman (active)
Scrolls
 e - a scroll of teleportation {unknown}
Potions
 b - a potion of lignification {!q}

Dungeon Overview and Level Annotations

Branches:
Dungeon (2/15) Zot: 11089

Altars:

Annotations:
D:2 Jessica

##+## ##...##
##.....##
##.<ยง)...##
...####.........#
......'.........+
..####@h.......#
##.......##
##.....## ##...##
##+##


You could see Jessica (poisoned).


Message History

๐Ÿ˜• HP[+1] No target in view!
No target in view!
No target in view!
No target in view!
Unknown command.
You see here a bat corpse.
A dart slug comes into view. ๐Ÿ˜Ž HP[+2]
Your hp is fully restored (25).
A dart slug is nearby!
A dart slug is nearby!
A dart slug is nearby!
Aiming: Spit Poison (2% risk of failure)
Press: ? - help, Shift-Dir - straight line, f - dart slug
Aim: a dart slug (asleep, 100% to hit)
The splash of poison hits the dart slug.
You punch the dart slug!
You kill the dart slug!
No target in view!
No target in view!
No target in view!
No target in view!
No target in view!
You have got your breath back.
A hobgoblin comes into view.
Unknown command.
A hobgoblin is nearby!
A hobgoblin is nearby!
Unknown command.
A hobgoblin is nearby!
Aiming: Spit Poison (2% risk of failure)
Press: ? - help, Shift-Dir - straight line, f - hobgoblin
Aim: a hobgoblin (59% to hit)
The splash of poison misses the hobgoblin.
The hobgoblin hits you. ๐Ÿ˜• HP[-4]
You take 4 damage, and now have 21/25 hp.
You punch the hobgoblin!
You kill the hobgoblin!
No target in view!
You have got your breath back.
Key pressed, stopping explore.
No target in view!
No target in view! ๐Ÿ˜Ž HP[+4]
Your hp is fully restored (25).
There is a stone staircase leading down here.
Done exploring.
No target in view!
No target in view!
Done exploring.
Done exploring.
Done exploring.
(D) Dungeon
Where to? (? - help)
You climb downwards.
There is a stone staircase leading up here.
A kobold is nearby!
Okay, then.
Aiming: Spit Poison (2% risk of failure)
Press: ? - help, Shift-Dir - straight line, f - kobold
Aim: a kobold, wielding a +0 dagger (asleep, 100% to hit)
The splash of poison hits the kobold.
The kobold is poisoned.
The kobold hits you with a +0 dagger.
You barely miss the kobold.
You kill the kobold! ๐Ÿ˜• HP[-1]
You take 1 damage, and now have 24/25 hp.
You have got your breath back.
You now have 21 gold pieces (gained 16).
You open the door.
Jessica the Apprentice Sorceress comes into view.
She is wielding a +0 club.
Jessica shouts!
Jessica casts a spell.
Jessica blinks! ๐Ÿ˜Ž HP[+1]
Your hp is fully restored (25).
Aiming: Spit Poison (2% risk of failure)
Press: ? - help, Shift-Dir - straight line, f - Jessica
Aim: Jessica, wielding a +0 club and wearing a +0 robe (59% to hit)
The splash of poison hits Jessica.
Jessica is poisoned.
Jessica gestures at you while chanting.
Pain shoots through your body! ๐Ÿ˜• HP[-6]
You take 6 damage, and now have 19/25 hp.
MASSIVE DAMAGE!! (PAUSE) Jessica casts a spell.
Jessica blinks!
Jessica casts a spell at you. Pain shoots through your body!
* * * LOW HITPOINT WARNING * * *
You are too injured to fight recklessly! ๐Ÿ˜จ HP[-11]
You take 11 damage, and now have 8/25 hp.
MASSIVE DAMAGE!! (PAUSE) Jessica points at you and mumbles some strange words.
Pain shoots through your body!
Ouch! That really hurt!
You die...

Action                     || total
---------------------------++-------
  Melee: Unarmed           ||    25
         Punch             ||     1
Ability: Spit Poison       ||    13
 Armour: Animal skin       ||    12
  Dodge: Dodged            ||    18

Levels and vault maps discovered:
D:1:      dpeg_arrival_pond, layout_loops_ring, hex_large
D:2:      layout_loops_corners, uniq_terence, uniq_jessica

Notes
Turn   | Place    | Note
-------+----------+-------------------------------------------
     0 | D:1      | kae the Naga Shapeshifter began the quest for the Orb.
     0 | D:1      | Reached XP level 1. HP: 18/18 MP: 1/1
     0 | D:1      | magus.rc [v1.11.3]
   331 | D:1      | Reached XP level 2. HP: 23/25 MP: 2/2
   677 | D:2      | Noticed Jessica
   680 | D:2      | Killed from afar by Jessica

Vanquished Creatures
  A dart slug (D:1)
  2 bats (D:1)
  An endoplasm (D:1)
  3 hobgoblins (D:1)
  2 kobolds
  A ball python (D:1)
  2 frilled lizards (D:1)
  2 rats (D:1)
14 creatures vanquished.

Table legend:
 A = Non-vault XP
 B = Vault XP
 C = Vault XP percentage of total XP
 D = Non-vault monster count
 E = Vault monster count
 F = Vault count percentage of total count
                 A         B        C        D         E       F
            +---------+---------+-------+---------+---------+-------
      Total |      24 |       0 |   0.0 |      14 |       0 |   0.0
            +---------+---------+-------+---------+---------+-------
        D:1 |      22 |       0 |   0.0 |      13 |       0 |   0.0
        D:2 |       2 |       0 |   0.0 |       1 |       0 |   0.0
            +---------+---------+-------+---------+---------+-------

Action                     || total
---------------------------++-------
  Melee: Unarmed           ||    25
         Punch             ||     1
Ability: Spit Poison       ||    13
 Armour: Animal skin       ||    12
  Dodge: Dodged            ||    18

Illustrated notes

Table legend:
 A = Kills in this place as a percentage of kills in the entire game.
 B = Kills by you in this place as a percentage of kills by you in the entire game.
 C = Kills by friends in this place as a percentage of kills by friends in the entire game.
 D = Other kills in this place as a percentage of other kills in the entire game.
 E = Experience gained in this place as a percentage of experience gained in the entire game.
 F = Experience gained in this place divided by the number of levels of this place that you have seen.
                   A       B       C       D       E      F
               +-------+-------+-------+-------+-------+----------------------
         Total | 100.0 | 100.0 |   N/A |   N/A | 100.0 |  12.0
       Dungeon | 100.0 | 100.0 |   N/A |   N/A | 100.0 |  12.0
               +-------+-------+-------+-------+-------+----------------------

Table legend: (Time is in decaauts)
 A = Elapsed time spent in this place.
 B = Non-inter-level travel time spent in this place.
 C = Inter-level travel time spent in this place.
 D = Time resting spent in this place.
 E = Time spent auto-exploring this place.
 F = Levels seen in this place.
 G = Mean time per level.
                   A        B        C        D        E       F      G
               +--------+--------+--------+--------+--------+-----+--------+
         Total |    909 |    908 |      1 |      0 |    811 |   2 |  454.5 |
       Dungeon |    909 |    908 |      1 |      0 |    811 |   2 |  454.5 |
               +--------+--------+--------+--------+--------+-----+--------+

Top non-repeatable levels by time:
     D:1: 895 daAuts
     D:2: 13 daAuts
